 Dungeon Crawl Stone Soup version 0.31-a0-569-g7ea453304b (webtiles) character file.

Game seed: 18049450425697796252

51 Ethylacetat the Ducker (level 3, 0/25 HPs)
             Began as an Octopode Gladiator on Aug 18, 2023.
             Slain by a goblin
             ... wielding a +0 dagger
              (2 damage)
             ... on level 3 of the Dungeon.
             The game lasted 00:01:54 (1296 turns).

Ethylacetat the Ducker (Octopode Gladiator)         Turns: 1296, Time: 00:01:55

Health: 0/25       AC:  1    Str: 13    XL:     3   Next: 83%
Magic:  3/3        EV: 14    Int: 10    God:
Gold:   88         SH:  0    Dex: 15    Spells: 2/2 levels left

rFire   . .          .
                       - Unarmed
rCold   . . .        (no shield)
rNeg    . . .        a - melded +0 hat
rPois   .            (no amulet)
rElec   .            (no ring)
rCorr   .            (no ring)
SInv    .            (no ring)
Will    .....        (no ring)
Stlth   ++           (no ring)
HPRegen 0.24/turn    (no ring)
MPRegen 0.08/turn    (no ring)
                     (no ring)

%: no passive effects
@: beast-form
A: beast (slay +0), almost no armour, amphibious, 8 rings, camouflage 1,
gelatinous body 1, (nimble swimmer 1), tentacles
a: Begin Untransformation


You were on level 3 of the Dungeon.
You were a hulking beast.
You visited 1 branch of the dungeon, and saw 3 of its levels.

You collected 88 gold pieces.

Inventory:

Missiles
 b - 3 throwing nets (quivered)
 c - a javelin
Armour
 a - a +0 hat (melded)
Jewellery
 r - an amulet of magic regeneration
Talismans
 o - a beast talisman (active)
Wands
 m - a wand of flame (19)
Scrolls
 d - a scroll of identify {unknown}
 i - 2 scrolls of fear {unknown}
 j - a scroll of teleportation {unknown}
 n - a scroll of revelation {unknown}
 p - a scroll of vulnerability {unknown}
 q - a scroll of fog {unknown}
Potions
 e - 2 potions of lignification {unknown}
 f - a potion of heal wounds {unknown}
 g - 2 potions of attraction {unknown}
 h - a potion of invisibility {unknown}
 k - a potion of enlightenment {unknown}
 l - a potion of curing {unknown}


   Skills:
 + Level 2.7 Fighting
 - Level 2.0 Throwing
 + Level 3.4 Dodging
 + Level 3.4 Unarmed Combat
 * Level 1.0 Shapeshifting


You had 2 spell levels left.
You didn't know any spells.
Your spell library contained the following spells:

 Spells                   Type           Power      Damage    Failure   Level
 Frozen Ramparts          Ice            0%         1d1       75%         3
 Petrify                  Tmut/Erth      0%         N/A       98%         4
 Metabolic Englaciation   Hex/Ice        0%         N/A       100%        5


Dungeon Overview and Level Annotations

Branches:
Dungeon (3/15)

Altars:

Shops:
D:2 ?

Annotations:
D:3 Terence


Innate Abilities, Weirdness & Mutations

You are a hulking beast.
Your limbs bulge with bestial killing power. (Slay +0)
You cannot wear most types of armour.
You are amphibious.
You can wear up to eight rings at the same time.
Your skin changes colour to match your surroundings (Stealth+).
Your rubbery body absorbs attacks. (AC +1, EV +1)
((You are camouflaged when in or above water. (Stealth+)))
You have tentacles for arms and can constrict up to eight enemies at once.


Message History

You kill the orc!
Your Shapeshifting skill increases to level 1!
Terence hits you with a +0 falchion.
You barely miss Terence. You grab Terence.
You constrict Terence, but do no damage.
Terence barely misses you.
You tentacle-slap Terence but do no damage.
You constrict Terence, but do no damage.
Terence completely misses you.
You tentacle-slap Terence but do no damage.
You constrict Terence, but do no damage.
The goblin hits you with a +0 dagger. Terence hits you with a +0 falchion.
You tentacle-slap Terence.
Terence is moderately wounded.
You constrict Terence, but do no damage.
The goblin hits you but does no damage. Terence barely misses you.
You tentacle-slap Terence but do no damage.
Terence is moderately wounded.
You constrict Terence. The goblin hits you with a +0 dagger.
Terence hits you with a +0 falchion.
* * * LOW HITPOINT WARNING * * *
You are too injured to fight recklessly!
You are too injured to fight recklessly!
You tentacle-slap Terence but do no damage.
Terence is moderately wounded.
You constrict Terence, but do no damage.
The goblin closely misses you. Terence closely misses you.
The dart slug closely misses you.
You tentacle-slap Terence. You squeeze Terence.
Terence is severely wounded.
You constrict Terence. Terence misses you.
The goblin hits you with a +0 dagger.
* * * LOW HITPOINT WARNING * * *
The dart slug bites you.
* * * LOW HITPOINT WARNING * * *
You tentacle-slap the dart slug. You grab the dart slug.
The dart slug is moderately wounded.
You constrict Terence, but do no damage.
You constrict the dart slug. The goblin hits you with a +0 dagger.
You die...

#. ## ##.........##
..###."....$.....#
#.#.(.##.........#
.......#.........##
##.....#..........#
....<..#.....$....
#.......#.....)w## ..
##>......)......h##.#
#.....#........g@......
#......$........?###.#.
##.....#..(.....<##
#.)†...#.........#
.).†....#........#
.###.........).#..# .
#.(.#.....).....# #
#...##.##.......#


You could see Terence, a dart slug and a goblin.

Vanquished Creatures
  A dart slug (D:2)
  An orc (D:3)
  2 ball pythons (D:1)
  5 endoplasms
  2 giant cockroaches (D:1)
  9 goblins
  3 hobgoblins
  6 jackals
  A quokka (D:1)
  3 bats
  2 frilled lizards (D:1)
  5 kobolds
  2 rats (D:1)
42 creatures vanquished.

Notes
Turn   | Place    | Note
-------+----------+-------------------------------------------
     0 | D:1      | Ethylacetat the Octopode Gladiator began the quest for the
                  | Orb.
     0 | D:1      | Reached XP level 1. HP: 14/14 MP: 1/1
   118 | D:1      | Reached XP level 2. HP: 19/19 MP: 2/2
   492 | D:1      | Reached XP level 3. HP: 25/25 MP: 3/3
   804 | D:2      | Noticed a golden eye
   817 | D:2      | Noticed a golden eye
   902 | D:2      | Found Moylac's Magic Scroll Boutique.
   907 | D:2      | Found a faded altar of an unknown god.
   909 | D:2      | Noticed an eye of devastation
  1069 | D:2      | Noticed a floating eye
  1282 | D:3      | Noticed Terence
  1287 | D:3      | Reached skill level 1 in Shapeshifting
  1296 | D:3      | Slain by a goblin

Illustrated notes

Levels and vault maps discovered:
D:1:      kilobyte_arrival_exit_the_forest, layout_rooms
D:2:      layout_rooms, hellmonk_ecumenical_altar_watching_god, serial_shops,
          shop, hangedman_decor_riveting
D:3:      layout_rooms, uniq_terence

Skill      XL: |  1  2  3 |
---------------+----------+-----
Shapeshifting  | 1 |  1.0
Fighting       | |  2.7
Throwing       | |  2.0
Dodging        | |  3.4
Unarmed Combat | |  3.4

Action                     || total
---------------------------++-------
  Melee: Unarmed           ||    97
         Tentacles         ||    17
         Constrict         ||    26
         Punch             ||     2
   Stab: Sleeping          ||     5
         Distracted        ||     1
 Armour: Skin              ||     7
  Dodge: Dodged            ||    81
   Form: Beast             ||     1

Table legend: (Time is in decaauts)
 A = Elapsed time spent in this place.
 B = Non-inter-level travel time spent in this place.
 C = Inter-level travel time spent in this place.
 D = Time resting spent in this place.
 E = Time spent auto-exploring this place.
 F = Levels seen in this place.
 G = Mean time per level.
                   A        B        C        D        E       F      G
               +--------+--------+--------+--------+--------+-----+--------+
         Total |   1289 |   1234 |     55 |      0 |    955 |   3 |  429.7 |
       Dungeon |   1289 |   1234 |     55 |      0 |    955 |   3 |  429.7 |
               +--------+--------+--------+--------+--------+-----+--------+

Top non-repeatable levels by time:
     D:1: 733 daAuts
     D:2: 491 daAuts
     D:3: 65 daAuts
